EL
BIRMINGHAM BARONS @ NORTHWEST ARKANSAS NATURALS
05/03/2045
 
TOP OF THE 1ST
Birmingham Barons batting - Pitching for Northwest Arkansas Naturals : RHP Andrew Tipton
Pitching: RHP Andrew Tipton
Batting: RHB Adam Lambert 0-0: Bunt missed!
0-1: Ball
1-1: Called Strike
1-2: SINGLE (Flyball, 34D, EV 83.1 MPH)
Batting: LHB Angel Tellez 0-0: Ball
1-0: Ball
2-0: Fielders Choice at 2nd, 1-6 (Groundball, 23, EV 72.5 MPH)
Batting: LHB John Thurman 0-0: Ball
Passed Ball!
Angel Tellez to second
1-0: Ball
2-0: Called Strike
2-1: Ball
3-1: Ground out 4-3 (Groundball, 4M, EV 77.5 MPH)
Angel Tellez to third
Batting: RHB Micah Brown 0-0: Ball
1-0: Ball
2-0: Ball
3-0: Called Strike
3-1: Base on Balls
Batting: LHB Alberto Carrasco 0-0: Foul Ball, location: 2F
0-1: Foul Ball, location: 2F
0-2: Ball
1-2: Ball
2-2: SINGLE (Groundball, 5S, EV 72.5 MPH) (infield hit)
Angel Tellez scores
Micah Brown to second
Pitching: RHP Brian Straub
Batting: RHB Mike Warzecha 0-0: Called Strike
0-1: DOUBLE (Flyball, 8LXD, EV 95.6 MPH)
Micah Brown scores
Alberto Carrasco to third
Runner from 3rd tries for Home, SAFE, no throw by CF
Batting: RHB Hector Padilla 0-0: Ball
1-0: Fly out, F6 (Popup, 6, EV 76.2 MPH)
Top of the 1st over - 3 runs, 3 hits, 0 errors, 1 left on base; Birmingham 3 - Northwest Arkansas 0
BOTTOM OF THE 1ST
Northwest Arkansas Naturals batting - Pitching for Birmingham Barons : LHP Ron Duffy
Pitching: LHP Ron Duffy
Batting: RHB Yi-lin Niu 0-0: Ball
1-0: Ball
2-0: Ball
3-0: Called Strike
3-1: Foul Ball, location: 2F
3-2: Base on Balls
Batting: RHB Justin Bonner 0-0: Fly out, F5 (Flyball, 5D, EV 79.4 MPH)
Batting: LHB Josh Moore 0-0: Called Strike
0-1: SINGLE (Groundball, 25, EV 67.5 MPH) (infield hit)
Yi-lin Niu to second
Batting: RHB Danny Weisse 0-0: Swinging Strike
0-1: Ball
1-1: Ball
2-1: Ball
3-1: Foul Ball, location: 2F
3-2: SINGLE (Groundball, 25, EV 66.2 MPH) (infield hit)
Yi-lin Niu to third
Josh Moore to second
Batting: RHB Ken Postlethwaite 0-0: Called Strike
0-1: Swinging Strike
0-2: Ball
1-2: Fielders Choice at 2nd, 4-6 (Groundball, 34, EV 105.0 MPH)
Yi-lin Niu scores
Josh Moore to third
Batting: RHB Alex Cid 0-0: Ball
1-0: Ball
2-0: Called Strike
2-1: Foul Ball, location: 2F
2-2: Strikes out looking
Bottom of the 1st over - 1 run, 2 hits, 0 errors, 2 left on base; Birmingham 3 - Northwest Arkansas 1
TOP OF THE 2ND
Birmingham Barons batting - Pitching for Northwest Arkansas Naturals : RHP Brian Straub
Batting: RHB Paul Lloyd 0-0: Ball
1-0: Called Strike
1-1: SOLO HOME RUN (Flyball, 9LD, EV 95.6 MPH), Distance : 349 ft
Batting: LHB Preston Knaak 0-0: Ball
1-0: Ball
2-0: Foul Ball, location: 2F
2-1: Ball
3-1: Ground out 6-3 (Groundball, 6, EV 87.5 MPH)
Batting: RHB Adam Lambert 0-0: Ball
1-0: Ball
2-0: SINGLE (Groundball, 6D, EV 100.0 MPH)
Batting: LHB Angel Tellez 0-0: Ball
1-0: Ball
2-0: Ball
3-0: Called Strike
3-1: Foul Ball, location: 2F
3-2: SINGLE (Line Drive, 78S, EV 108.1 MPH)
Adam Lambert to second
Pitching: RHP Arturo Rojas
Batting: LHB John Thurman 0-0: Called Strike
0-1: Ball
1-1: Foul Ball, location: 2F
1-2: Ball
2-2: Ball
3-2: SINGLE (Line Drive, 9S, EV 103.8 MPH)
Adam Lambert to third
Angel Tellez to second
Runner from 3rd tries for Home, SAFE, throw by RF to home
Batting: RHB Micah Brown 0-0: Ball
1-0: Called Strike
1-1: Ball
2-1: Called Strike
2-2: SINGLE (Line Drive, 7S, EV 93.8 MPH)
Angel Tellez to third
John Thurman to second
Batting: LHB Alberto Carrasco 0-0: Called Strike
0-1: Ball
1-1: DOUBLE (Line Drive, 78D, EV 108.8 MPH)
Angel Tellez scores
John Thurman scores
Micah Brown to third
Batting: RHB Mike Warzecha 0-0: Called Strike
0-1: Foul Ball, location: 2F
0-2: Ball
1-2: Ball
2-2: Fly out, F8 (Line Drive, 8LD, EV 102.5 MPH)
Runner from 3rd tags up, SCORES, throw by CF
Pitching: RHP Matt Voulgaris
Batting: RHB Hector Padilla 0-0: Ball
1-0: Ground out 6-3 (Groundball, 6, EV 103.8 MPH)
Top of the 2nd over - 5 runs, 6 hits, 0 errors, 1 left on base; Birmingham 8 - Northwest Arkansas 1
BOTTOM OF THE 2ND
Northwest Arkansas Naturals batting - Pitching for Birmingham Barons : LHP Ron Duffy
Batting: RHB Josh Gordon 0-0: SINGLE (Line Drive, 56D, EV 98.1 MPH)
Batting: SHB Jason Anaya 0-0: Foul Ball, location: 2F
0-1: Ball
1-1: Ball
2-1: Fielders Choice at 2nd, 5-4 (Groundball, 56, EV 85.0 MPH)
Batting: RHB Dante McCauley 0-0: Called Strike
0-1: Ball
1-1: Called Strike
1-2: Strikes out swinging
Jason Anaya steals 2nd base (no throw)
Batter strikes out.
Batting: RHB Yi-lin Niu 0-0: Called Strike
0-1: Ball
1-1: Foul Ball, location: 2F
1-2: Foul Ball, location: 2F
1-2: Reached on error, E5 (Groundball, 56, EV 87.5 MPH)
Jason Anaya to third
Batting: RHB Justin Bonner 0-0: SINGLE (Groundball, 5D, EV 103.8 MPH)
Jason Anaya scores
Yi-lin Niu to second
Batting: LHB Josh Moore 0-0: Ball
1-0: Ball
Wild Pitch!
Yi-lin Niu to third
Justin Bonner to second
2-0: Called Strike
2-1: Foul Ball, location: 2F
2-2: Ball
3-2: Foul Ball, location: 2F
3-2: Strikes out swinging
Bottom of the 2nd over - 1 run, 2 hits, 1 error, 2 left on base; Birmingham 8 - Northwest Arkansas 2
TOP OF THE 3RD
Birmingham Barons batting - Pitching for Northwest Arkansas Naturals : RHP Matt Voulgaris
Batting: RHB Paul Lloyd 0-0: Swinging Strike
0-1: Foul Ball, location: 2F
0-2: Foul Ball, location: 2F
0-2: Ball
1-2: Foul Ball, location: 2F
1-2: Ball
2-2: Strikes out looking
Batting: LHB Preston Knaak 0-0: Called Strike
0-1: Foul Ball, location: 2F
0-2: Ball
1-2: Strikes out looking
Batting: RHB Adam Lambert 0-0: Ball
1-0: Ball
2-0: SINGLE (Groundball, 56D, EV 99.4 MPH)
Batting: LHB Angel Tellez 0-0: Foul Ball, location: 2F
0-1: Swinging Strike
0-2: Foul Ball, location: 2F
0-2: Foul Ball, location: 2F
0-2: Foul Ball, location: 2F
0-2: Foul Ball, location: 2F
0-2: SINGLE (Groundball, 6M, EV 86.2 MPH) (infield hit)
Adam Lambert to second
Pitching: RHP Vinny Reveles
Batting: LHB John Thurman 0-0: Fly out, F9 (Line Drive, 9, EV 110.6 MPH)
Top of the 3rd over - 0 runs, 2 hits, 0 errors, 2 left on base; Birmingham 8 - Northwest Arkansas 2
BOTTOM OF THE 3RD
Northwest Arkansas Naturals batting - Pitching for Birmingham Barons : LHP Ron Duffy
Batting: RHB Danny Weisse 0-0: Foul Ball, location: 2F
0-1: Foul Ball, location: 2F
0-2: Strikes out swinging, 2-3 out at first.
Batting: RHB Ken Postlethwaite 0-0: Ball
1-0: Ball
2-0: Foul Ball, location: 2F
2-1: Foul Ball, location: 2F
2-2: Ball
3-2: Base on Balls
Batting: RHB Alex Cid 0-0: Ball
1-0: Called Strike
1-1: SINGLE (Line Drive, 7LS, EV 92.5 MPH)
Ken Postlethwaite to second
Batting: RHB Josh Gordon 0-0: Called Strike
0-1: Swinging Strike
0-2: Strikes out looking
Batting: SHB Jason Anaya 0-0: Swinging Strike
0-1: Swinging Strike
0-2: Ball
1-2: Strikes out swinging
Bottom of the 3rd over - 0 runs, 1 hit, 0 errors, 2 left on base; Birmingham 8 - Northwest Arkansas 2
TOP OF THE 4TH
Birmingham Barons batting - Pitching for Northwest Arkansas Naturals : RHP Vinny Reveles
Batting: RHB Micah Brown 0-0: Called Strike
0-1: Swinging Strike
0-2: Ball
1-2: Foul Ball, location: 2F
1-2: Strikes out swinging
Batting: LHB Alberto Carrasco 0-0: Called Strike
0-1: Ground out 4-3 (Groundball, 4, EV 105.6 MPH)
Batting: RHB Mike Warzecha 0-0: Swinging Strike
0-1: Ball
1-1: Ball
2-1: SINGLE (Line Drive, 8RS, EV 107.5 MPH)
Batting: RHB Hector Padilla 0-0: Ball
1-0: Called Strike
1-1: Called Strike
1-2: Ball
2-2: Reached on error, E6 (Groundball, 6, EV 88.8 MPH)
Mike Warzecha to second
Batting: RHB Paul Lloyd 0-0: Called Strike
0-1: Ball
1-1: Called Strike
1-2: SINGLE (Line Drive, 78S, EV 105.6 MPH)
Mike Warzecha to third
Hector Padilla to second
Runner from 3rd tries for Home, SAFE, throw by LF to home
Pitching: RHP Matthew Orphan
Batting: LHB Preston Knaak 0-0: Ball
1-0: 3-RUN HOME RUN (Flyball, 9D, EV 104.4 MPH), Distance : 398 ft
Batting: RHB Adam Lambert 0-0: Ball
1-0: Ground out 1-3 (Groundball, 34S, EV 71.9 MPH)
Top of the 4th over - 4 runs, 3 hits, 1 error, 0 left on base; Birmingham 12 - Northwest Arkansas 2
BOTTOM OF THE 4TH
Northwest Arkansas Naturals batting - Pitching for Birmingham Barons : LHP Ron Duffy
Batting: RHB Dante McCauley 0-0: Called Strike
0-1: SINGLE (Groundball, 56D, EV 103.1 MPH)
Batting: RHB Yi-lin Niu 0-0: Called Strike
0-1: Called Strike
0-2: Strikes out swinging
Batting: RHB Justin Bonner 0-0: Ball
1-0: Grounds into double play, 5-4-3 (Groundball, 5D, EV 103.8 MPH)
Bottom of the 4th over - 0 runs, 1 hit, 0 errors, 0 left on base; Birmingham 12 - Northwest Arkansas 2
TOP OF THE 5TH
Birmingham Barons batting - Pitching for Northwest Arkansas Naturals : RHP Matthew Orphan
Batting: LHB Angel Tellez 0-0: Ball
1-0: Swinging Strike
1-1: Called Strike
1-2: Ball
2-2: Ball
3-2: Fly out, F7 (Flyball, 7LS, EV 86.9 MPH)
Batting: LHB John Thurman 0-0: SINGLE (Flyball, 9S, EV 96.9 MPH)
Batting: RHB Micah Brown 0-0: Called Strike
0-1: Called Strike
0-2: Foul Ball, location: 2F
0-2: Ball
1-2: Foul Ball, location: 2F
1-2: SINGLE (Groundball, 34D, EV 109.4 MPH)
John Thurman to second
Batting: LHB Alberto Carrasco 0-0: Ball
1-0: Ball
2-0: Ground out 4-3 (Groundball, 34D, EV 106.2 MPH)
John Thurman to third
Micah Brown to second
Pitching: LHP Joel Page
Batting: RHB Mike Warzecha 0-0: Ball
1-0: Ball
2-0: DOUBLE (Line Drive, 78D, EV 113.1 MPH)
John Thurman scores
Micah Brown scores
Batting: RHB Hector Padilla 0-0: Swinging Strike
0-1: Ground out 6-3 (Groundball, 56, EV 82.5 MPH)
Top of the 5th over - 2 runs, 3 hits, 0 errors, 1 left on base; Birmingham 14 - Northwest Arkansas 2
BOTTOM OF THE 5TH
Northwest Arkansas Naturals batting - Pitching for Birmingham Barons : LHP Ron Duffy
Batting: LHB Josh Moore 0-0: Ball
1-0: Called Strike
1-1: SINGLE (Groundball, 4MD, EV 95.0 MPH)
Batting: RHB Danny Weisse 0-0: Ball
1-0: Foul Ball, location: 2F
1-1: Called Strike
1-2: Ball
2-2: Ball
3-2: Fielders Choice at 2nd, 6-4 (Groundball, 56, EV 101.2 MPH)
Batting: RHB Ken Postlethwaite 0-0: SINGLE (Groundball, 56S, EV 69.4 MPH) (infield hit)
Danny Weisse to second
Batting: RHB Alex Cid 0-0: DOUBLE (Flyball, 89XD, EV 108.1 MPH)
Danny Weisse scores
Ken Postlethwaite to third
Batting: RHB Josh Gordon 0-0: Foul Ball, location: 2F
0-1: Ball
1-1: Foul Ball, location: 2F
1-2: Ball
2-2: Ball
3-2: Foul Ball, location: 2F
3-2: SINGLE (Groundball, 56D, EV 101.9 MPH)
Ken Postlethwaite scores
Alex Cid to third
Batting: SHB Jason Anaya 0-0: Ball
1-0: Called Strike
1-1: Foul Ball, location: 2RF, Error on foul ball, E2
1-2: Foul Ball, location: 2F
1-2: Strikes out swinging
Batting: RHB Dante McCauley 0-0: Foul Ball, location: 2F
0-1: Swinging Strike
0-2: Strikes out swinging
Bottom of the 5th over - 2 runs, 4 hits, 1 error, 2 left on base; Birmingham 14 - Northwest Arkansas 4
TOP OF THE 6TH
Birmingham Barons batting - Pitching for Northwest Arkansas Naturals : LHP Joel Page
Batting: RHB Paul Lloyd 0-0: Called Strike
0-1: Swinging Strike
0-2: Ball
1-2: Ball
2-2: Foul Ball, location: 2F
2-2: SOLO HOME RUN (Flyball, 7D, EV 97.5 MPH), Distance : 374 ft
Batting: LHB Preston Knaak 0-0: Ball
1-0: Called Strike
1-1: Ball
2-1: Ball
3-1: Reached on error, E3 (Groundball, 3, EV 78.8 MPH)
Batting: RHB Adam Lambert 0-0: Called Strike
0-1: Ball
1-1: DOUBLE (Line Drive, 9LS, EV 97.5 MPH)
Preston Knaak to third
Pitching: RHP Rick Young
Batting: LHB Angel Tellez 0-0: Ball
1-0: Ground out 6-3 (Groundball, 56, EV 91.9 MPH)
Preston Knaak scores
Batting: LHB John Thurman 0-0: Ball
1-0: Fly out, F5 (Popup, 5L, EV 68.8 MPH)
Batting: RHB Micah Brown 0-0: Called Strike
0-1: Foul Ball, location: 2F
0-2: Fly out, F8 (Flyball, 8LM, EV 86.2 MPH)
Top of the 6th over - 2 runs, 2 hits, 1 error, 1 left on base; Birmingham 16 - Northwest Arkansas 4
BOTTOM OF THE 6TH
Northwest Arkansas Naturals batting - Pitching for Birmingham Barons : LHP Ron Duffy
Pitching: RHP George Credle
Batting: RHB Yi-lin Niu 0-0: Called Strike
0-1: Swinging Strike
0-2: Strikes out swinging
Batting: RHB Justin Bonner 0-0: Called Strike
0-1: Ball
1-1: Swinging Strike
1-2: Ball
2-2: Foul Ball, location: 2F
2-2: Foul Ball, location: 2F
2-2: Strikes out looking
Batting: LHB Josh Moore 0-0: Called Strike
0-1: Foul Ball, location: 2F
0-2: Foul Ball, location: 2F
0-2: Ball
1-2: Ball
2-2: Ground out U3 (Groundball, 34, EV 91.2 MPH)
Bottom of the 6th over - 0 runs, 0 hits, 0 errors, 0 left on base; Birmingham 16 - Northwest Arkansas 4
TOP OF THE 7TH
Birmingham Barons batting - Pitching for Northwest Arkansas Naturals : RHP Rick Young
Batting: LHB Alberto Carrasco 0-0: Swinging Strike
0-1: Ball
1-1: Reached on error, E4 (Groundball, 4, EV 81.2 MPH)
Batting: RHB Mike Warzecha 0-0: Ball
1-0: Ball
2-0: SINGLE (Groundball, 6D, EV 97.5 MPH)
Alberto Carrasco to second
Pinch Hitting: RHB Felix Torres 0-0: Ball
1-0: Called Strike
1-1: Ball
2-1: Swinging Strike
2-2: Strikes out looking
Pitching: RHP Allen Crenshaw
Pinch Hitting: RHB Bob Montesano 0-0: Ball
1-0: Called Strike
1-1: Ball
2-1: Ball
3-1: Foul Ball, location: 2F
3-2: Foul Ball, location: 2F
3-2: Base on Balls
Alberto Carrasco to third
Mike Warzecha to second
Batting: LHB Preston Knaak 0-0: Ball
1-0: Ball
2-0: Ball
3-0: Base on Balls
Alberto Carrasco scores
Mike Warzecha to third
Bob Montesano to second
Batting: RHB Adam Lambert 0-0: Ball
1-0: SINGLE (Line Drive, 89S, EV 93.8 MPH)
Mike Warzecha scores
Bob Montesano to third
Preston Knaak to second
Batting: LHB Angel Tellez 0-0: GRAND SLAM HOME RUN (Flyball, 89XD, EV 113.8 MPH), Distance : 452 ft
Pitching: RHP Matt Tittle
Pinch Hitting: LHB Dustin Taylor 0-0: Ball
1-0: Swinging Strike
1-1: Fly out, F7 (Flyball, 78M, EV 81.9 MPH)
Batting: RHB Micah Brown 0-0: Ground out 4-3 (Groundball, 4, EV 81.9 MPH)
Top of the 7th over - 6 runs, 3 hits, 1 error, 0 left on base; Birmingham 22 - Northwest Arkansas 4
BOTTOM OF THE 7TH
Northwest Arkansas Naturals batting - Pitching for Birmingham Barons : RHP George Credle
Now at 1B: Bob Montesano
Now at 2B: Mike Warzecha
Now at SS: Felix Torres
Now in CF: Dustin Taylor
Batting: RHB Danny Weisse 0-0: Foul Ball, location: 2F
0-1: Foul Ball, location: 2F
0-2: Fly out, F8 (Flyball, 8LD, EV 97.5 MPH)
Batting: RHB Ken Postlethwaite 0-0: Swinging Strike
0-1: Ball
1-1: Ball
2-1: Foul Ball, location: 2F
2-2: Foul Ball, location: 2F
2-2: Ground out 5-3 (Groundball, 56, EV 100.0 MPH)
Batting: RHB Alex Cid 0-0: Called Strike
0-1: Ball
1-1: Ball
2-1: DOUBLE (Line Drive, 5D, EV 105.6 MPH)
Batting: RHB Josh Gordon 0-0: Foul Ball, location: 2F
0-1: Foul Ball, location: 2F
0-2: Strikes out swinging
Bottom of the 7th over - 0 runs, 1 hit, 0 errors, 1 left on base; Birmingham 22 - Northwest Arkansas 4
TOP OF THE 8TH
Birmingham Barons batting - Pitching for Northwest Arkansas Naturals : RHP Matt Tittle
Batting: LHB Alberto Carrasco 0-0: Foul Ball, location: 2F
0-1: Swinging Strike
0-2: Ball
1-2: Strikes out swinging
Batting: RHB Mike Warzecha 0-0: Ball
1-0: Ball
2-0: Called Strike
2-1: Ball
3-1: Base on Balls
Batting: RHB Felix Torres 0-0: Called Strike
0-1: Ball
1-1: Foul Ball, location: 2F
1-2: Ball
2-2: Ball
3-2: SINGLE (Groundball, 56D, EV 95.6 MPH)
Mike Warzecha to second
Batting: RHB Bob Montesano 0-0: Foul Ball, location: 2F
0-1: Ball
1-1: Fly out, F8 (Flyball, 8RXD, EV 90.6 MPH)
Runner from 2nd tags up, SAFE at 3rd, no throw by CF
Batting: LHB Preston Knaak 0-0: Called Strike
0-1: Swinging Strike
0-2: Foul Ball, location: 2F
0-2: Foul Ball, location: 2F
0-2: Ball
1-2: Strikes out swinging
Top of the 8th over - 0 runs, 1 hit, 0 errors, 2 left on base; Birmingham 22 - Northwest Arkansas 4
BOTTOM OF THE 8TH
Northwest Arkansas Naturals batting - Pitching for Birmingham Barons : RHP George Credle
Batting: SHB Jason Anaya 0-0: DOUBLE (Line Drive, 8LXD, EV 98.8 MPH)
Batting: RHB Dante McCauley 0-0: Called Strike
0-1: Ball
1-1: Called Strike
1-2: Foul Ball, location: 2F
1-2: Ball
2-2: Ball
3-2: Ground out U3 (Groundball, 34S, EV 67.5 MPH)
Jason Anaya to third
Batting: RHB Yi-lin Niu 0-0: Ball
1-0: SINGLE (Groundball, 6D, EV 111.2 MPH)
Jason Anaya scores
Batting: RHB Justin Bonner 0-0: Foul Ball, location: 2F
0-1: Foul Ball, location: 2F
0-2: Strikes out swinging
Batting: LHB Josh Moore 0-0: Ball
1-0: Ball
2-0: Ball
3-0: Base on Balls
Yi-lin Niu to second
Batting: RHB Danny Weisse 0-0: Swinging Strike
0-1: Ground out U3 (Groundball, 34S, EV 66.2 MPH)
Bottom of the 8th over - 1 run, 2 hits, 0 errors, 2 left on base; Birmingham 22 - Northwest Arkansas 5
TOP OF THE 9TH
Birmingham Barons batting - Pitching for Northwest Arkansas Naturals : RHP Matt Tittle
Batting: RHB Adam Lambert 0-0: Ball
1-0: Called Strike
1-1: Called Strike
1-2: Ball
2-2: Foul Ball, location: 2F
2-2: Ball
3-2: Base on Balls
Batting: LHB Angel Tellez 0-0: Ball
1-0: Ball
Wild Pitch!
Adam Lambert to second
2-0: Ball
3-0: Base on Balls
Batting: LHB Dustin Taylor 0-0: Ball
1-0: Foul Ball, location: 2F
1-1: Ball
2-1: Called Strike
2-2: Ball
3-2: Base on Balls
Adam Lambert to third
Angel Tellez to second
Batting: RHB Micah Brown 0-0: Ball
1-0: Called Strike
1-1: Foul Ball, location: 2F
1-2: Ball
2-2: Ball
3-2: Foul Ball, location: 2F
3-2: Base on Balls
Adam Lambert scores
Angel Tellez to third
Dustin Taylor to second
Batting: LHB Alberto Carrasco 0-0: Called Strike
0-1: SINGLE (Line Drive, 7S, EV 104.4 MPH)
Angel Tellez scores
Dustin Taylor to third
Micah Brown to second
Batting: RHB Mike Warzecha 0-0: Swinging Strike
0-1: Foul Ball, location: 2F
0-2: Ball
1-2: Grounds into double play, 5-4-3 (Groundball, 56, EV 83.1 MPH)
Dustin Taylor scores
Micah Brown to third
Batting: RHB Felix Torres 0-0: Called Strike
0-1: Ball
Balk!
Micah Brown scores
1-1: Ball
2-1: Ball
3-1: Base on Balls
Batting: RHB Bob Montesano 0-0: Ball
1-0: Called Strike
1-1: Ball
2-1: Foul Ball, location: 2F
2-2: Foul Ball, location: 2F
2-2: Fielders Choice at 2nd, 5-4 (Groundball, 56, EV 91.2 MPH)
Top of the 9th over - 4 runs, 1 hit, 0 errors, 1 left on base; Birmingham 26 - Northwest Arkansas 5
BOTTOM OF THE 9TH
Northwest Arkansas Naturals batting - Pitching for Birmingham Barons : RHP George Credle
Pitching: RHP Mario Zarate
Batting: RHB Ken Postlethwaite 0-0: Foul Ball, location: 2F
0-1: Foul Ball, location: 2F
0-2: Fly out, F3 (Flyball, 3D, EV 90.0 MPH)
Batting: RHB Alex Cid 0-0: Called Strike
0-1: Foul Ball, location: 2F
0-2: Ball
1-2: Foul Ball, location: 2F
1-2: Fly out, F6 (Line Drive, 6, EV 69.4 MPH)
Batting: RHB Josh Gordon 0-0: Called Strike
0-1: Ball
1-1: Foul Ball, location: 2F
1-2: Foul Ball, location: 2F
1-2: Ball
2-2: Strikes out swinging
Bottom of the 9th over - 0 runs, 0 hits, 0 errors, 0 left on base; Birmingham 26 - Northwest Arkansas 5
Wednesday, June 22nd , 2022 - OOTP Baseball 23.4 Build 64